TOP OF THE 1ST |
---|
Chattanooga Chinpokomon batting - Pitching for Blueville 83's : RHP Clint Tancock | Pitching: RHP Clint Tancock | | Batting: RHB Luis Antonio Velásquez | 0-0: Ball 1-0: Ball 2-0: Foul Ball, location: 2F 2-1: Fly out, F7 (Line Drive, 7) | Batting: RHB Ben Barker | 0-0: Ball 1-0: SINGLE (Line Drive, 5) | Batting: LHB Elvin Summers | 0-0: Ball 1-0: Fly out, F7 (Flyball, 7S) | Batting: LHB Ramiro Muñóz | 0-0: 2-RUN HOME RUN (Flyball, 9D), Distance : 384 ft | Batting: RHB Jeffrey Hicks | 0-0: Ball 1-0: Ball 2-0: Ball 3-0: Called Strike 3-1: Base on Balls | Batting: RHB Ichizo Akiyama | 0-0: Called Strike Jeffrey Hicks steals 2nd base 0-1: Swinging Strike 0-2: Ball 1-2: Ball 2-2: Strikes out swinging | Top of the 1st over - 2 runs, 2 hits, 0 errors, 1 left on base; Chattanooga 2 - Blueville 0 | BOTTOM OF THE 1ST |
---|
Blueville 83's batting - Pitching for Chattanooga Chinpokomon : LHP José Ávila | Pitching: LHP José Ávila | | Batting: RHB Kuniaki Kawashima | 0-0: Ball 1-0: Foul Ball, location: 2F 1-1: Foul Ball, location: 2F 1-2: Ball 2-2: Ball 3-2: Base on Balls | Batting: RHB Fernando Díaz | 0-0: Called Strike 0-1: Ball 1-1: Foul Ball, location: 2F 1-2: Foul Ball, location: 2F 1-2: Ball 2-2: Foul Ball, location: 2F 2-2: DOUBLE (Groundball, 5L) Kuniaki Kawashima to third | Batting: RHB José Estrada | 0-0: Fly out, F8 (Flyball, 8RS) Runner from 3rd tags up, SCORES, no throw | Batting: LHB Brent Alonzo | 0-0: Ball 1-0: Ball 2-0: Ball 3-0: Base on Balls | Batting: RHB Eric Johnson | 0-0: Ball 1-0: Ball 2-0: Foul Ball, location: 2F 2-1: Swinging Strike 2-2: Ball 3-2: Base on Balls Fernando Díaz to third Brent Alonzo to second | Batting: RHB Carlos Carrillo | 0-0: Ball 1-0: GRAND SLAM HOME RUN (Flyball, 9D), Distance : 378 ft | Batting: RHB Daryl Floyd | 0-0: Ball 1-0: SINGLE (Flyball, 8RS) | Batting: RHB Matt Perkins | 0-0: Called Strike 0-1: Called Strike 0-2: Foul Ball, location: 2F 0-2: Ball 1-2: Foul Ball, location: 2F 1-2: Ball 2-2: Fly out, F9 (Line Drive, 9LM) | Batting: RHB Rubén Matos | 0-0: Ball 1-0: Ball Daryl Floyd steals 2nd base 2-0: Ball 3-0: Called Strike 3-1: Ground out 5-3 (Groundball, 5L) | Bottom of the 1st over - 5 runs, 3 hits, 0 errors, 1 left on base; Chattanooga 2 - Blueville 5 | TOP OF THE 2ND |
---|
Chattanooga Chinpokomon batting - Pitching for Blueville 83's : RHP Clint Tancock | Batting: RHB Jorge Mora | 0-0: Ball 1-0: Foul Ball, location: 2F 1-1: Swinging Strike 1-2: Fly out, F8 (Flyball, 78D) | Batting: SHB Darrel Lang | 0-0: Called Strike 0-1: Called Strike 0-2: Foul Ball, location: 2F 0-2: Ground out 6-3 (Groundball, 56D) | Batting: RHB John Robertson | 0-0: Ball 1-0: Ball 2-0: Called Strike 2-1: Fly out, F8 (Flyball, 89D) | Top of the 2nd over - 0 runs, 0 hits, 0 errors, 0 left on base; Chattanooga 2 - Blueville 5 | BOTTOM OF THE 2ND |
---|
Blueville 83's batting - Pitching for Chattanooga Chinpokomon : LHP José Ávila | Batting: RHB Kuniaki Kawashima | 0-0: Ball 1-0: Ball 2-0: Ball 3-0: Base on Balls | Batting: RHB Fernando Díaz | 0-0: Foul Ball, location: 2F 0-1: Ball 1-1: DOUBLE (Flyball, 89D) Kuniaki Kawashima to third | Batting: RHB José Estrada | 0-0: Called Strike 0-1: Ball 1-1: Ball 2-1: Ball 3-1: Base on Balls | Batting: LHB Brent Alonzo | 0-0: Ball 1-0: Ball 2-0: Ball 3-0: Called Strike 3-1: Called Strike 3-2: Base on Balls Kuniaki Kawashima scores Fernando Díaz to third José Estrada to second | Batting: RHB Eric Johnson | 0-0: Ball 1-0: Called Strike 1-1: Ball 2-1: Called Strike 2-2: Strikes out swinging | Batting: RHB Carlos Carrillo | 0-0: Ball 1-0: Called Strike 1-1: DOUBLE (Flyball, 8RXD) Fernando Díaz scores José Estrada scores Brent Alonzo to third Runner from 3rd tries for Home, SAFE, no throw | Batting: RHB Daryl Floyd | 0-0: Ball 1-0: Foul Ball, location: 2F 1-1: 2-RUN HOME RUN (Flyball, 78XD), Distance : 433 ft | Batting: RHB Matt Perkins | 0-0: SINGLE (Popup, 6MD) | Pitching: RHP Danny Johnston | | Batting: RHB Rubén Matos | 0-0: Fly out, F4 (Popup, 4) | Batting: RHB Kuniaki Kawashima | 0-0: Fly out, F7 (Flyball, 7S) | Bottom of the 2nd over - 6 runs, 4 hits, 0 errors, 1 left on base; Chattanooga 2 - Blueville 11 | TOP OF THE 3RD |
---|
Chattanooga Chinpokomon batting - Pitching for Blueville 83's : RHP Clint Tancock | Batting: RHB Luis Antonio Velásquez | 0-0: SOLO HOME RUN (Line Drive, 7LD), Distance : 360 ft | Batting: RHB Ben Barker | 0-0: Called Strike 0-1: Ball 1-1: Ground out 5-3 (Groundball, 5S) | Batting: LHB Elvin Summers | 0-0: Ball 1-0: Foul Ball, location: 2F 1-1: Ball 2-1: Foul Ball, location: 2F 2-2: SINGLE (Flyball, 7S) | Batting: LHB Ramiro Muñóz | 0-0: Called Strike 0-1: Foul Ball, location: 2F 0-2: Ball Elvin Summers steals 2nd base 1-2: Ball 2-2: 2-RUN HOME RUN (Flyball, 9LD), Distance : 346 ft | Batting: RHB Jeffrey Hicks | 0-0: SINGLE (Groundball, 34) (infield hit) | Batting: RHB Ichizo Akiyama | 0-0: Called Strike 0-1: Fly out, F6 (Popup, 6M) | Batting: RHB Jorge Mora | 0-0: Ball 1-0: Called Strike 1-1: Ball 2-1: Fielders Choice at 2nd, 6-4 (Groundball, 56) | Top of the 3rd over - 3 runs, 4 hits, 0 errors, 1 left on base; Chattanooga 5 - Blueville 11 | BOTTOM OF THE 3RD |
---|
Blueville 83's batting - Pitching for Chattanooga Chinpokomon : RHP Danny Johnston | Batting: RHB Fernando Díaz | 0-0: Ground out U3 (Groundball, 3S) | Batting: RHB José Estrada | 0-0: Foul Ball, location: 2F 0-1: Ball 1-1: Ball 2-1: Ball 3-1: Swinging Strike 3-2: Base on Balls | Batting: LHB Brent Alonzo | 0-0: Ball 1-0: Called Strike José Estrada steals 2nd base 1-1: Foul Ball, location: 2F 1-2: Ball 2-2: Foul Ball, location: 2F 2-2: Foul Ball, location: 2F 2-2: SINGLE (Groundball, 6MD) José Estrada to third Runner from 3rd tries for Home, SAFE, throw made home | Batting: RHB Eric Johnson | 0-0: Called Strike 0-1: Ball 1-1: Grounds into double play, 6-4-3 (Groundball, 6) | Bottom of the 3rd over - 1 run, 1 hit, 0 errors, 0 left on base; Chattanooga 5 - Blueville 12 | TOP OF THE 4TH |
---|
Chattanooga Chinpokomon batting - Pitching for Blueville 83's : RHP Clint Tancock | Batting: SHB Darrel Lang | 0-0: Called Strike 0-1: Ball 1-1: Ball 2-1: Ball 3-1: Foul Ball, location: 2F 3-2: SINGLE (Line Drive, 78M) | Batting: RHB John Robertson | 0-0: Ball 1-0: Ball 2-0: Called Strike 2-1: Swinging Strike 2-2: Grounds out, U3 (Groundball, 3L) | Batting: RHB Luis Antonio Velásquez | 0-0: Ball 1-0: Ball 2-0: Called Strike 2-1: Ball 3-1: Ground out 5-3 (Groundball, 5) | Batting: RHB Ben Barker | 0-0: Ball 1-0: Fly out, F8 (Line Drive, 8LXD) | Top of the 4th over - 0 runs, 1 hit, 0 errors, 1 left on base; Chattanooga 5 - Blueville 12 | BOTTOM OF THE 4TH |
---|
Blueville 83's batting - Pitching for Chattanooga Chinpokomon : RHP Danny Johnston | Batting: RHB Carlos Carrillo | 0-0: Ball 1-0: Called Strike 1-1: Fly out, F9 (Line Drive, 9) | Batting: RHB Daryl Floyd | 0-0: Foul Ball, location: 2F 0-1: Ball 1-1: Foul Ball, location: 2F 1-2: SOLO HOME RUN (Flyball, 7LD), Distance : 362 ft | Batting: RHB Matt Perkins | 0-0: Ball 1-0: SINGLE (Line Drive, 34D) | Batting: RHB Rubén Matos | 0-0: Foul Ball, location: 2F 0-1: Grounds into double play, 4-6-3 (Groundball, 4) | Bottom of the 4th over - 1 run, 2 hits, 0 errors, 0 left on base; Chattanooga 5 - Blueville 13 | TOP OF THE 5TH |
---|
Chattanooga Chinpokomon batting - Pitching for Blueville 83's : RHP Clint Tancock | Batting: LHB Elvin Summers | 0-0: Ball 1-0: Ball 2-0: DOUBLE (Line Drive, 89D) | Batting: LHB Ramiro Muñóz | 0-0: Ball 1-0: Ball 2-0: Ball 3-0: Base on Balls | Batting: RHB Jeffrey Hicks | 0-0: Fly out, F9 (Flyball, 9D) Runner from 2nd tags up, SAFE at 3rd, no throw | Batting: RHB Ichizo Akiyama | 0-0: Called Strike 0-1: Fly out, F8 (Flyball, 8RS) Runner from 3rd tags up, SCORES, throw made | Batting: RHB Jorge Mora | 0-0: Swinging Strike 0-1: Foul Ball, location: 2F 0-2: Strikes out swinging | Top of the 5th over - 1 run, 1 hit, 0 errors, 1 left on base; Chattanooga 6 - Blueville 13 | BOTTOM OF THE 5TH |
---|
Blueville 83's batting - Pitching for Chattanooga Chinpokomon : RHP Danny Johnston | Batting: RHB Kuniaki Kawashima | 0-0: Ball 1-0: Called Strike 1-1: SINGLE (Line Drive, 4MD) | Batting: RHB Fernando Díaz | 0-0: Called Strike 0-1: Ball 1-1: Ball 2-1: Called Strike 2-2: Foul Ball, location: 2F 2-2: Foul Ball, location: 2F 2-2: Fly out, F9 (Flyball, 9) | Batting: RHB José Estrada | 0-0: Ball 1-0: Foul Ball, location: 2F 1-1: Foul Ball, location: 2F 1-2: Foul Ball, location: 2F 1-2: Hit by Pitch Kuniaki Kawashima to second | Batting: LHB Brent Alonzo | 0-0: Called Strike 0-1: Ball 1-1: Ball 2-1: Swinging Strike 2-2: Ball 3-2: Base on Balls Kuniaki Kawashima to third José Estrada to second | Batting: RHB Eric Johnson | 0-0: Ball 1-0: Called Strike 1-1: Foul Ball, location: 2F 1-2: Grounds into double play, 6-4-3 (Groundball, 6) | Bottom of the 5th over - 0 runs, 1 hit, 0 errors, 2 left on base; Chattanooga 6 - Blueville 13 | TOP OF THE 6TH |
---|
Chattanooga Chinpokomon batting - Pitching for Blueville 83's : RHP Clint Tancock | Batting: SHB Darrel Lang | 0-0: Called Strike 0-1: Ground out 5-3 (Groundball, 5) | Batting: RHB John Robertson | 0-0: Ball 1-0: Swinging Strike 1-1: Swinging Strike 1-2: Foul Ball, location: 2F 1-2: Ball 2-2: Ball 3-2: SINGLE (Line Drive, 4M) | Batting: RHB Luis Antonio Velásquez | 0-0: Called Strike 0-1: Ball 1-1: Foul Ball, location: 2F 1-2: Foul Ball, location: 2F 1-2: Foul Ball, location: 2F 1-2: SINGLE (Groundball, 56S) (infield hit) John Robertson to second | Batting: RHB Ben Barker | 0-0: Ball 1-0: Ball 2-0: Ground out 5-3 (Groundball, 56S) John Robertson to third Luis Antonio Velásquez to second | Batting: LHB Elvin Summers | 0-0: Ball 1-0: Ground out U3 (Groundball, 34S) | Top of the 6th over - 0 runs, 2 hits, 0 errors, 2 left on base; Chattanooga 6 - Blueville 13 | BOTTOM OF THE 6TH |
---|
Blueville 83's batting - Pitching for Chattanooga Chinpokomon : RHP Danny Johnston | Batting: RHB Carlos Carrillo | 0-0: Ball 1-0: Ball 2-0: Fly out, F9 (Flyball, 89XD) | Batting: RHB Daryl Floyd | 0-0: Called Strike 0-1: Called Strike 0-2: Ball 1-2: Strikes out swinging | Batting: RHB Matt Perkins | 0-0: Called Strike 0-1: Ball 1-1: Ball 2-1: Ground out U3 (Groundball, 3) | Bottom of the 6th over - 0 runs, 0 hits, 0 errors, 0 left on base; Chattanooga 6 - Blueville 13 | TOP OF THE 7TH |
---|
Chattanooga Chinpokomon batting - Pitching for Blueville 83's : RHP Clint Tancock | Batting: LHB Ramiro Muñóz | 0-0: Ball 1-0: Ball 2-0: Ball 3-0: Base on Balls | Batting: RHB Jeffrey Hicks | 0-0: Ball 1-0: Foul Ball, location: 2F 1-1: Ball 2-1: DOUBLE (Flyball, 9LD) Ramiro Muñóz to third | Pitching: RHP Hayden Collins | | Batting: RHB Ichizo Akiyama | 0-0: Swinging Strike 0-1: Swinging Strike 0-2: Ball 1-2: Foul Ball, location: 2F 1-2: Ball 2-2: Ball 3-2: Strikes out swinging | Batting: RHB Jorge Mora | 0-0: Called Strike 0-1: Ball 1-1: Foul Ball, location: 2F 1-2: Strikes out swinging | Batting: SHB Darrel Lang | 0-0: Ball 1-0: Called Strike 1-1: Called Strike 1-2: SINGLE (Line Drive, 78S) Ramiro Muñóz scores Jeffrey Hicks to third Runner from 3rd tries for Home, SAFE, no throw | Batting: RHB John Robertson | 0-0: Swinging Strike 0-1: Ball 1-1: Fly out, F8 (Line Drive, 8LXD) | Top of the 7th over - 2 runs, 2 hits, 0 errors, 1 left on base; Chattanooga 8 - Blueville 13 | BOTTOM OF THE 7TH |
---|
Blueville 83's batting - Pitching for Chattanooga Chinpokomon : RHP Danny Johnston | Pitching: RHP José Peña | | Batting: RHB Rubén Matos | 0-0: Ball 1-0: Ball 2-0: Foul Ball, location: 2F 2-1: Ball 3-1: Called Strike 3-2: SINGLE (Flyball, 89S) | Batting: RHB Kuniaki Kawashima | 0-0: Called Strike 0-1: Ball 1-1: Foul Ball, location: 2F 1-2: Foul Ball, location: 2F 1-2: Ball 2-2: Ball 3-2: SINGLE (Line Drive, 89S) Rubén Matos to second | Batting: RHB Fernando Díaz | 0-0: Called Strike 0-1: Ball 1-1: DOUBLE (Groundball, 5L) Rubén Matos scores Kuniaki Kawashima to third Runner from 3rd tries for Home, SAFE, no throw | Batting: RHB José Estrada | 0-0: Ball 1-0: Ball 2-0: Ball 3-0: Called Strike 3-1: Fly out, F7 (Flyball, 78S) | Batting: LHB Brent Alonzo | 0-0: Ball 1-0: Ball 2-0: Ball 3-0: Called Strike 3-1: Base on Balls | Batting: RHB Eric Johnson | 0-0: Called Strike 0-1: Foul Ball, location: 2F 0-2: Ball 1-2: Strikes out looking | Batting: RHB Carlos Carrillo | 0-0: Ball 1-0: Called Strike 1-1: SINGLE (Groundball, 34D) Fernando Díaz to third Brent Alonzo to second | Batting: RHB Daryl Floyd | 0-0: Ball 1-0: Called Strike 1-1: Ball 2-1: Called Strike 2-2: Foul Ball, location: 2F 2-2: Ball 3-2: Foul Ball, location: 2F 3-2: Foul Ball, location: 2F 3-2: Base on Balls Fernando Díaz scores Brent Alonzo to third Carlos Carrillo to second | Batting: RHB Matt Perkins | 0-0: Ball 1-0: Called Strike 1-1: Called Strike 1-2: Strikes out swinging | Bottom of the 7th over - 3 runs, 4 hits, 0 errors, 3 left on base; Chattanooga 8 - Blueville 16 | TOP OF THE 8TH |
---|
Chattanooga Chinpokomon batting - Pitching for Blueville 83's : RHP Hayden Collins | Batting: RHB Luis Antonio Velásquez | 0-0: SINGLE (Flyball, 78M) | Batting: RHB Ben Barker | 0-0: Called Strike 0-1: Ball 1-1: Ball 2-1: Foul Ball, location: 2F 2-2: Ball 3-2: Grounds into double play, 6-4-3 (Groundball, 6M) | Batting: LHB Elvin Summers | 0-0: Called Strike 0-1: Ball 1-1: Foul Ball, location: 2F 1-2: Foul Ball, location: 2F 1-2: SINGLE (Groundball, 6MD) | Batting: LHB Ramiro Muñóz | 0-0: Ball 1-0: Ball 2-0: Ball 3-0: Called Strike 3-1: Swinging Strike Balk! Elvin Summers to second 3-2: Base on Balls | Batting: RHB Jeffrey Hicks | 0-0: Ball 1-0: Swinging Strike 1-1: Ball 2-1: Foul Ball, location: 2F 2-2: Strikes out swinging | Top of the 8th over - 0 runs, 2 hits, 0 errors, 2 left on base; Chattanooga 8 - Blueville 16 | BOTTOM OF THE 8TH |
---|
Blueville 83's batting - Pitching for Chattanooga Chinpokomon : RHP José Peña | Batting: RHB Rubén Matos | 0-0: Called Strike 0-1: Ground out 4-3 (Groundball, 4) | Batting: RHB Kuniaki Kawashima | 0-0: Ball 1-0: Called Strike 1-1: Called Strike 1-2: DOUBLE (Groundball, 5L) | Batting: RHB Fernando Díaz | 0-0: Ball 1-0: DOUBLE (Flyball, 8LXD) Kuniaki Kawashima scores | Batting: RHB José Estrada | 0-0: Ball 1-0: SINGLE (Line Drive, 9S) Fernando Díaz to third Runner from 3rd tries for Home, SAFE, no throw | Pitching: RHP Manuel Trujillo | | Batting: LHB Brent Alonzo | 0-0: Ball 1-0: Called Strike 1-1: Foul Ball, location: 2F 1-2: Ball 2-2: Foul Ball, location: 2F 2-2: Fielders Choice at 2nd, 6-4 (Groundball, 6) | Batting: RHB Eric Johnson | 0-0: Called Strike 0-1: Fly out, F8 (Flyball, 89M) | Bottom of the 8th over - 2 runs, 3 hits, 0 errors, 1 left on base; Chattanooga 8 - Blueville 18 | TOP OF THE 9TH |
---|
Chattanooga Chinpokomon batting - Pitching for Blueville 83's : RHP Hayden Collins | Batting: RHB Ichizo Akiyama | 0-0: Swinging Strike 0-1: Called Strike 0-2: Ball 1-2: Ball 2-2: Strikes out swinging | Batting: RHB Jorge Mora | 0-0: Ball 1-0: Swinging Strike 1-1: Called Strike 1-2: SOLO HOME RUN (Flyball, 7D), Distance : 374 ft | Batting: SHB Darrel Lang | 0-0: Ground out 6-3 (Groundball, 6) | Batting: RHB John Robertson | 0-0: Reached on error, E1 (Groundball, P) | Batting: RHB Luis Antonio Velásquez | 0-0: 2-RUN HOME RUN (Flyball, 7LD), Distance : 344 ft | Batting: RHB Ben Barker | 0-0: Called Strike 0-1: Foul Ball, location: 2F 0-2: Foul Ball, location: 2F 0-2: Ball 1-2: Ball 2-2: Fly out, F9 (Flyball, 9D) | Top of the 9th over - 3 runs, 2 hits, 1 error, 0 left on base; Chattanooga 11 - Blueville 18 | |